 Dungeon Crawl Stone Soup version 0.24-a0-581-gc0fa6600bf (webtiles) character file.

Game seed: 616529456758739244

117 Amnesiac the Ducker (level 4, -2/24 HPs)
             Began as a Deep Elf Enchanter on Aug 25, 2019.
             Slain by an iguana (5 damage)
             ... on level 5 of the Dungeon.
             The game lasted 00:03:06 (1349 turns).

Amnesiac the Ducker (Deep Elf Enchanter)            Turns: 1349, Time: 00:03:07

Health: -2/24      AC:  2    Str:  5    XL:     4   Next: 71%
Magic:  1/10       EV: 15    Int: 21    God:
Gold:   37         SH:  0    Dex: 15    Spells: 0/9 levels left

rFire    . . .     SeeInvis .   a - +1 dagger
rCold    . . .     Gourm    .   (no shield)
rNeg     . . .     Faith    .   b - +0 robe
rPois    .         Spirit   .   (no helmet)
rElec    .         Reflect  .   (no cloak)
rCorr    .         Harm     .   (no gloves)
MR       .....                  (no boots)
Stlth    +++.......             (no amulet)
HPRegen  0.08/turn              (no ring)
MPRegen  0.12/turn              (no ring)

@: no status effects
A: no striking features
a: no special abilities


You were on level 5 of the Dungeon.
You were near starving.

You visited 1 branch of the dungeon, and saw 5 of its levels.

You collected 37 gold pieces.

Inventory:

Hand Weapons
 a - a +1 dagger (weapon)
Armour
 b - a +0 robe (worn)
Scrolls
 c - a scroll of enchant weapon {unknown}
 e - 4 scrolls of identify
 g - 2 scrolls of fog {unknown}
Potions
 f - a potion of might
Comestibles
 d - 2 rations


   Skills:
 - Level 1.0 Short Blades
 + Level 5.8 Dodging
 - Level 4.1 Stealth
 - Level 3.0 Spellcasting
 - Level 4.0 Hexes


You couldn't memorise any spells.
You knew the following spells:

 Your Spells              Type           Power        Failure   Level  Hunger
a - Ensorcelled Hibernat  Hex/Ice        ##....       9%          2    ##.....
b - Corona                Hex            ###....      2%          1    None
e - Confuse               Hex            ###.....     8%          3    ###....
w - Tukima's Dance        Hex            ###.....     8%          3    ###....

Your spell library contained the following spells:

 Spells                   Type           Power        Failure   Level  Hunger
 Dazzling Spray           Conj/Hex       ##....       17%         3    ###....


Dungeon Overview and Level Annotations

Branches:
Dungeon (6/15)
 Temple: D:4-7

Altars:


Message History

Aim: an iguana (severely wounded, chance to defeat MR: 59%)
The iguana appears confused.
You hit the iguana.
The iguana is almost dead.
You hit the iguana.
The iguana is almost dead.
You completely miss the iguana.
The iguana is almost dead.
The iguana bites you!
Ouch! That really hurt!
You barely miss the iguana.
The iguana is almost dead.
You hit the iguana but do no damage.
The iguana is almost dead.
The iguana bites you!
* * * LOW HITPOINT WARNING * * *
You hit the iguana but do no damage.
The iguana is almost dead.
The iguana bites you.
You die...

..#.......#.# ..#........$
...............
#.......#..... #
#.......#.....
#.#..#..........
#.###.#.............
#.............#.#.#.
......l@.......)..
..............#.#.#
#.###.#.........#.#
................. .
##..#..##........ .
.##..#..##.....#.#
.....................
....##.###.##........
....≈............##........


You could see an iguana (confused).

Vanquished Creatures
  A crimson imp (D:5)
  A hound (D:5)
  A hound zombie (D:6)
  2 adders
  A dart slug (D:1)
  2 leopard geckos
  A giant cockroach (D:5)
  2 jackals (D:6)
  2 bats (D:1)
  2 frilled lizards
  2 goblins (D:1)
  A kobold (D:1)
  3 rats
21 creatures vanquished.

Notes
Turn   | Place    | Note
-------+----------+-------------------------------------------
     0 | D:1      | Amnesiac the Deep Elf Enchanter began the quest for the
                  | Orb.
     0 | D:1      | Reached XP level 1. HP: 10/10 MP: 6/6
    92 | D:1      | Reached skill level 3 in Dodging
   337 | D:1      | Reached XP level 2. HP: 10/15 MP: 8/8
   488 | D:1      | Learned a level 2 spell: Ensorcelled Hibernation
   526 | D:1      | You fall into a shaft and drop 1 floor!
   640 | D:3      | Reached skill level 4 in Dodging
   642 | D:3      | You fall into a shaft and drop 3 floors!
   652 | D:6      | Reached XP level 3. HP: 14/19 MP: 7/9
   765 | D:5      | Entered Level 5 of the Dungeon
   793 | D:6      | Learned a level 3 spell: Confuse
   848 | D:5      | Reached skill level 5 in Dodging
   848 | D:5      | Reached XP level 4. HP: 7/24 MP: 3/10
  1060 | D:5      | Learned a level 3 spell: Tukima's Dance
  1349 | D:5      | Slain by an iguana

Levels and vault maps discovered:
D:1:      sevenhm_arrival_forest_fort_large_1, layout_rooms
D:2:      minmay_inner_zag, layout_basic, nicolae_dithmenos_shadow_blocks,
          nicolae_gozag_zags_fifth_avenue
D:3:      layout_loops_corners
D:5:      cheibrodos_helix_gallery, layout_basic, minmay_temple_entry_offerings,
          first_ration, uniq_sigmund
D:6:      layout_cave_pods, eat_drink_and_be_merry_uskayaw,
          kennysheep_small_circle

Skill      XL: |  1  2  3  4 |
---------------+-------------+-----
Dodging        | 3 4 5 |  5.8
Stealth        | 4 |  4.1
Short Blades   | |  1.0
Spellcasting   | |  3.0
Hexes          | |  4.0

Action                   |  1- 3 |  4- 6 || total
-------------------------+-------+-------++-------
Melee: Dagger            |    48 |    20 ||    68
 Cast: Corona            |     7 |       ||     7
       Ensorcelled Hiber |    14 |    14 ||    28
       Confuse           |       |     3 ||     3
  Use: Scroll            |       |     1 ||     1
 Stab: Sleeping          |    11 |     3 ||    14
  Eat: Chunk             |       |     1 ||     1
Armor: Robe              |    13 |     3 ||    16
Dodge: Dodged            |    40 |    15 ||    55

Table legend:
 A = Non-vault XP
 B = Vault XP
 C = Vault XP percentage of total XP
 D = Non-vault monster count
 E = Vault monster count
 F = Vault count percentage of total count
                 A         B        C        D         E       F
            +---------+---------+-------+---------+---------+-------
      Total |     166 |       2 |   1.2 |      19 |       2 |   9.5
            +---------+---------+-------+---------+---------+-------
        D:1 |      15 |       2 |  11.8 |       8 |       2 |  20.0
        D:2 |       4 |       0 |   0.0 |       2 |       0 |   0.0
        D:3 |      13 |       0 |   0.0 |       1 |       0 |   0.0
        D:5 |     109 |       0 |   0.0 |       4 |       0 |   0.0
        D:6 |      25 |       0 |   0.0 |       4 |       0 |   0.0
            +---------+---------+-------+---------+---------+-------
